 Dungeon Crawl Stone Soup version 0.16.2-12-gd0ad4c3 (webtiles) character file.

25001 Charly the Severer (level 12, 1/115 HPs)
             Began as a Deep Dwarf Gladiator on Oct 27, 2016.
             Was a High Priest of Makhleb.
             Quit the game on level 2 of the Spider Nest.
             The game lasted 01:09:02 (3542 turns).

Charly the Severer (Deep Dwarf Gladiator)           Turns: 3542, Time: 01:09:02

Health: 1/115      AC: 10    Str: 22    XL:     12   Next: 85%
Magic:  24/24      EV: 14    Int: 10    God:    Makhleb [*****.]
Gold:   446        SH:  0    Dex: 14    Spells: 0 memorised, 11 levels left

rFire  + . .     SeeInvis +     a - +2 battleaxe (flame)
rCold  . . .     Clarity  .     p - +0 ring mail "Tyfo" {+Inv rC- MR++} (curse)
rNeg   . . .     SustAb   .     (no shield)
rPois  +         Gourm    .     c - +0 helmet
rElec  +         Spirit   .     J - +1 cloak
rCorr  +         Warding  .     (no gloves)
rMut   .         Stasis   .     (no boots)
MR     +++..                    F - amulet of faith
Stlth  +.........               y - ring of magical power
                                A - ring of see invisible

@: lethally poisoned (1 -> -123), resistant, contaminated, non-regenerating,
glowing, invisible (but backlit and visible) (expiring), extremely resistant to
hostile enchantments, very unstealthy
A: damage resistance, recharge devices, sense surroundings 2, slow healing 3
a: Device Recharging, Minor Destruction, Lesser Servant of Makhleb, Major
Destruction, Greater Servant of Makhleb, Renounce Religion, Turn Visible


You were on level 2 of the Spider Nest.
You worshipped Makhleb.
Makhleb was extremely pleased with you.
You were not hungry.

You visited 6 branches of the dungeon, and saw 29 of its levels.
You also visited: Volcano.

You collected 452 gold pieces.

Inventory:

Hand weapons
 a - a +2 battleaxe of flaming (weapon)
 g - a +4 battleaxe of holy wrath
Armour
 c - a +0 helmet (worn)
 j - the +2 shield of Resistance {rF+ rC+ MR+}
   (You found it on level 5 of the Dungeon)

   It protects you from fire.
   It protects you from cold.
   It affects your resistance to hostile enchantments.
 l - the +4 chain mail of Fruecudy {rN+ rCorr Str+5 Dex-5 SInv}
   (You found it on level 6 of the Dungeon)

   It affects your strength (+5).
   It affects your dexterity (-5).
   It protects you from negative energy.
   It enhances your eyesight.
   It protects you from acid and corrosion.
 p - the cursed +0 ring mail "Tyfo" (worn) {+Inv rC- MR++}
   (You found it on level 2 of the Spider Nest)

   It makes you vulnerable to cold.
   It affects your resistance to hostile enchantments.
   It lets you turn invisible.
   It has a curse placed upon it.
 B - the +4 chain mail of the Grey Skies {Stlth+}
   (You found it on level 2 of the Lair of Beasts)

   It makes you more stealthy.
 J - a +1 cloak (worn)
Jewellery
 y - a ring of magical power (right hand)
 A - a ring of see invisible (left hand)
 F - an amulet of faith (around neck)
Magical devices
 e - a wand of heal wounds (2)
 k - a wand of magic darts (21)
 o - a wand of frost (33)
 H - a wand of disintegration (0)
Scrolls
 r - 3 scrolls of remove curse
 E - a scroll of teleportation
 K - a scroll of immolation
 L - a scroll of recharging
Potions
 i - a potion of restore abilities
 m - a potion of resistance
 n - a potion of cancellation {unknown}
 q - a potion of lignification {unknown}
 u - a potion of ambrosia {unknown}
 w - a potion of poison {unknown}
 z - a potion of flight {unknown}
Books
 v - a book of Transfigurations

   Spells                             Type                      Level
   a - Stoneskin                      Transmutation/Earth          2
   b - Irradiate                      Conjuration/Transmutation    5
   c - Statue Form                    Transmutation/Earth          6
   d - Hydra Form                     Transmutation                6
   e - Dragon Form                    Transmutation                7
 D - a book of Beasts

   Spells                             Type                      Level
   a - Summon Butterflies             Summoning                    1
   b - Call Canine Familiar           Summoning                    3
   c - Summon Ice Beast               Ice/Summoning                4
   d - Summon Mana Viper              Hexes/Summoning              5
   e - Monstrous Menagerie            Summoning                    6
   f - Summon Hydra                   Summoning                    7
 I - a Grand Grimoire {highlevel, unknown}

   This book is beyond your current level of understanding.

   Spells                             Type                      Level
   a - Aura of Abjuration             Summoning                    6
   b - Summon Greater Demon           Summoning                    7
   c - Malign Gateway                 Summoning/Translocation      7
   d - Summon Horrible Things         Summoning                    8
Miscellaneous
 b - a plain deck of wonders {drawn: 7}
 x - a stone of tremors
Comestibles
 f - 5 bread rations
 C - 3 meat rations


   Skills:
 + Level 9.6 Fighting
 * Level 16.5 Axes
 - Level 1.7 Throwing
 - Level 8.7 Armour
 + Level 5.6 Dodging
 - Level 4.1 Invocations
 - Level 8.4 Evocations


You had 11 spell levels left.
You didn't know any spells.

Dungeon Overview and Level Annotations

Branches:
Dungeon (13/15)            Temple (1/1) D:7            Lair (8/8) D:11
 Shoals (1/5) Lair:6       Spider (2/5) Lair:5        Slime (0/6) Lair:6
    Orc (4/4) D:12
    Elf: Orc:3-4     Vaults: D:13-14

Altars:
Ashenzari
Fedhas
Kikubaaqudgha
Makhleb
Nemelex Xobeh
Okawaru
Ru
Sif Muna
Vehumet
Xom
Yredelemnul
Zin
Lugonu

Shops:
D:6 :

Annotations:
Lair:4 2 exclusions, Maud
Lair:7 exclusion: oklob plant
Orc:4 Urug


Innate Abilities, Weirdness & Mutations

You are resistant to damage.
You can recharge devices by infusing magical energy.
You passively map the area around you.
You do not heal naturally.


Message History

* * * LOW HITPOINT WARNING * * *
You feel extremely sick. The redback bites you.
The redback completely misses you.
The wolf spider hits the orb spider!
The wolf spider bites the orb spider.
The orb spider is poisoned.
The wolf spider poisons the orb spider!
Unknown command.
Unknown command.
You disentangle yourself.
You flicker for a moment.
* * * LOW HITPOINT WARNING * * *
You feel extremely sick. The redback misses you. The redback bites you!
* * * LOW HITPOINT WARNING * * *
The redback bites you!
* * * LOW HITPOINT WARNING * * *
The redback bites you!
* * * LOW HITPOINT WARNING * * *
Unknown command.
Unknown command.
Are you sure you want to abandon this character and quit the game? (Confirm with "yes".)

####### #.)...##
#@s.∩.)###########
##s[.).##......##. *
##.÷s.###.....>#.. *
*##....÷###........# *,
, .##s^.s[^##....##...#
...s...^..##†..#######
,,....^^÷....†[.†###...#
.......[..^†.†#..#..## ,
...).$#########....##


You could see a wolf spider (confused), an orb spider and 2 redbacks.

Vanquished Creatures
  Rupert (Lair:4)
  Fannar (Orc:2)
  4 orb spiders
  4 wolf spiders (Spider:2)
  2 ugly things (D:12)
  3 spiny frogs
  3 komodo dragons
  A demonic crawler (Spider:2)
  3 fire drakes
  An efreet (D:12)
  A troll (D:9)
  12 blink frogs
  4 jumping spiders (Spider:2)
  4 redbacks (Spider:2)
  2 trapdoor spiders (Spider:2)
  A basilisk (Lair:7)
  2 tarantellas (Spider:2)
  A wyvern (D:12)
  Eustachio (D:9)
  2 hippogriffs
  14 yaks
  6 wolves (Lair:5)
  A mottled dragon (D:11)
  5 porcupines
  4 ice beasts (Orc:2)
  11 spiders
  6 water moccasins
  A black bear (D:12)
  6 ogres
  A boring beetle (Spider:2)
  8 crocodiles
  8 centaurs
  4 giant frogs
  A big kobold (D:8)
  2 scorpions
  4 jellies
  A crimson imp (D:9)
  A gnoll shaman (D:9)
  5 hounds
  4 orc wizards
  3 orc priests
  2 worker ants
  2 iguanas
  A mummy (D:12)
  4 adders
  6 gnolls
  18 river rats
  3 giant geckos
  18 orcs
  2 giant cockroaches
  4 hobgoblins
  2 jackals (D:5)
  4 oozes
  A quokka (Lair:6)
  5 bats
  A giant gecko skeleton (D:5)
  A giant newt (D:2)
  3 goblins
  6 kobolds
  5 rats
  6 fungi
  A plant (Lair:6)
244 creatures vanquished.

Vanquished Creatures (collateral kills)
  A hydra (Lair:6)
  Erica (Lair:2)
  An orange demon (Lair:2)
  3 komodo dragons
  4 blink frogs (Lair:4)
  A basilisk (Lair:4)
  3 yaks
  2 hippogriffs (Lair:4)
  A porcupine (Lair:4)
  A crocodile (Lair:4)
18 creatures vanquished.

Vanquished Creatures (others)
  5 smoke demons
  A neqoxec (Lair:4)
  A spider (Spider:2)
  An iguana (Lair:6)
  4 ufetubi
  A quokka (Lair:6)
  A giant spore (D:11)
  2 plants
16 creatures vanquished.

Grand Total: 278 creatures vanquished

Notes
Turn   | Place    | Note
--------------------------------------------------------------
     0 | D:1      | Charly, the Deep Dwarf Gladiator, began the quest for the Orb.
     0 | D:1      | Reached XP level 1. HP: 19/19 MP: 1/1
   162 | D:1      | Reached XP level 2. HP: 20/26 MP: 2/2
   199 | D:2      | Reached skill level 4 in Axes
   315 | D:3      | Found a blossoming altar of Fedhas.
   359 | D:4      | Noticed an ogre
   369 | D:4      | Killed an ogre
   369 | D:4      | Reached skill level 6 in Axes
   369 | D:4      | Reached XP level 3. HP: 3/32 MP: 3/3
   369 | D:4      | Reached XP level 4. HP: 3/39 MP: 4/4
   382 | D:5      | Entered Level 5 of the Dungeon
   408 | D:5      | Reached XP level 5. HP: 25/45 MP: 5/5
   425 | D:5      | Found a shimmering altar of Xom.
   459 | D:5      | Noticed an ogre
   466 | D:5      | Killed an ogre
   490 | D:6      | Reached skill level 7 in Axes
   500 | D:6      | Got a pitted chain mail
   511 | D:6      | Identified the +4 chain mail of Fruecudy {rN+ rCorr Str+5 Dex-5 SInv} (You found it on level 6 of the Dungeon)
   624 | D:6      | Reached XP level 6. HP: 29/55 MP: 6/6
   659 | D:6      | Found a sparkling altar of Nemelex Xobeh.
   659 | D:6      | Noticed a water moccasin
   672 | D:6      | Killed a water moccasin
   701 | D:6      | Found Schodymango's Book Emporium.
   715 | D:6      | Noticed an ogre
   724 | D:6      | Killed an ogre
   732 | D:7      | Found an iron altar of Okawaru.
   745 | D:7      | Reached skill level 8 in Axes
   745 | D:7      | Reached XP level 7. HP: 52/62 MP: 7/7
   760 | D:7      | Found a staircase to the Ecumenical Temple.
   767 | Temple   | Entered the Ecumenical Temple
   784 | Temple   | Became a worshipper of Makhleb the Destroyer
   819 | D:8      | Found a basalt altar of Yredelemnul.
   904 | D:9      | Noticed Eustachio
   920 | D:9      | Killed Eustachio
   920 | D:9      | Reached skill level 9 in Axes
   962 | D:8      | Acquired Makhleb's first power
   979 | D:9      | Noticed a troll
   990 | D:9      | Reached XP level 8. HP: 46/73 MP: 7/7
  1009 | D:9      | Killed a troll
  1009 | D:9      | Reached skill level 10 in Axes
  1024 | D:9      | Noticed a troll
  1025 | D:9      | Noticed Featwefa
  1053 | D:9      | Reached skill level 5 in Fighting
  1074 | D:10     | Entered Level 10 of the Dungeon
  1169 | D:12     | Found a staircase to the Orcish Mines.
  1169 | D:12     | Noticed a brown ugly thing
  1195 | D:12     | Killed a green ugly thing
  1195 | D:12     | Reached skill level 11 in Axes
  1195 | D:12     | Gained mutation: You passively map the area around you. [level up]
  1195 | D:12     | Reached XP level 9. HP: 71/82 MP: 7/7
  1201 | Orc:1    | Entered Level 1 of the Orcish Mines
  1228 | Orc:2    | Noticed Fannar
  1311 | Orc:2    | Killed Fannar
  1311 | Orc:2    | Acquired Makhleb's second power
  1386 | Orc:4    | Entered Level 4 of the Orcish Mines
  1386 | Orc:4    | Noticed Urug
  1429 | D:12     | Noticed a green ugly thing
  1443 | D:12     | Killed a green ugly thing
  1443 | D:12     | Reached skill level 12 in Axes
  1493 | D:13     | Noticed a vault guard
  1494 | D:13     | Noticed a vault guard
  1494 | D:13     | Noticed a vault guard
  1497 | D:12     | Noticed an efreet
  1515 | D:12     | Killed an efreet
  1515 | D:12     | Reached XP level 10. HP: 28/94 MP: 6/6
  1566 | D:11     | Noticed a komodo dragon
  1580 | D:11     | Killed a komodo dragon
  1652 | D:11     | Found a staircase to the Lair.
  1672 | Lair:1   | Entered Level 1 of the Lair of Beasts
  1689 | Lair:1   | Reached skill level 13 in Axes
  1757 | Lair:1   | Reached skill level 5 in Armour
  1860 | Lair:2   | Acquired Makhleb's third power
  1891 | Lair:2   | Reached skill level 1 in Invocations
  1999 | Lair:2   | Reached skill level 14 in Axes
  2029 | Lair:2   | Noticed Erica
  2047 | Lair:2   | Killed Erica
  2069 | Lair:2   | Reached XP level 11. HP: 50/103 MP: 13/13
  2105 | Lair:4   | Noticed Rupert
  2137 | Lair:2   | Got a slimy chain mail
  2148 | Lair:2   | Identified the +4 chain mail of the Grey Skies {Stlth+} (You found it on level 2 of the Lair of Beasts)
  2336 | Lair:4   | Noticed Maud
  2357 | Lair:4   | Reached skill level 15 in Axes
  2423 | Lair:4   | Killed Rupert
  2562 | Lair:4   | Found a dark tunnel.
  2568 | Volcano  | Entered a volcano
  2686 | Lair:5   | Acquired Makhleb's fourth power
  2695 | Lair:6   | Noticed a death yak
  2696 | Lair:6   | Noticed a death yak
  2697 | Lair:6   | Noticed a death yak
  2743 | Lair:8   | Entered Level 8 of the Lair of Beasts
  2773 | Lair:6   | Found a staircase to the Slime Pits.
  2855 | Lair:6   | Noticed a five-headed hydra
  2865 | Lair:6   | Killed a one-headed hydra
  2865 | Lair:6   | Reached XP level 12. HP: 45/114 MP: 12/12
  2992 | Lair:5   | Reached skill level 16 in Axes
  3051 | Lair:5   | Found a hole to the Spider Nest.
  3056 | Spider:1 | Entered Level 1 of the Spider Nest
  3090 | Lair:7   | Acquired Makhleb's fifth power
  3167 | Lair:6   | Found a staircase to the Shoals.
  3178 | Lair:6   | Reached skill level 5 in Dodging
  3183 | Shoals:1 | Entered Level 1 of the Shoals
  3183 | Shoals:1 | Noticed a merfolk impaler
  3407 | Spider:2 | Got a warped ring mail
  3418 | Spider:2 | Identified the cursed +0 ring mail "Tyfo" {+Inv rC- MR++} (You found it on level 2 of the Spider Nest)
  3432 | Spider:2 | Reached skill level 1 in Evocations
  3460 | Spider:2 | Reached skill level 5 in Evocations
  3541 | Spider:2 | HP: 1/115 [redback (7)]
  3542 | Spider:2 | Quit the game

Action                   |  1- 3 |  4- 6 |  7- 9 | 10-12 || total
-------------------------+-------+-------+-------+-------++-------
Melee: War axe           |    52 |    58 |   247 |   315 ||   672
       Battleaxe         |       |       |       |   239 ||   239
Throw: Throwing net      |     1 |     4 |     2 |       ||     7
Invok: Lesser Servant of |       |       |       |    11 ||    11
 Abil: Device Recharging |       |       |     4 |     4 ||     8
       Evoke Invisibilit |       |       |       |     3 ||     3
       Turn Visible      |       |       |       |     1 ||     1
Evoke: Wand              |       |     5 |    12 |    32 ||    49
       Deck              |       |       |     3 |     4 ||     7
  Use: Scroll            |     4 |     1 |     3 |    12 ||    20
       Potion            |       |       |       |    11 ||    11
 Stab: Held in net/web   |       |     2 |     2 |       ||     4
       Distracted        |       |       |       |     3 ||     3
       Invisible         |       |       |       |     4 ||     4
  Eat: Chunk             |       |       |     2 |     1 ||     3
       Meat ration       |       |       |       |     1 ||     1
       Pizza             |       |       |       |     1 ||     1
       Fruit             |       |       |       |     3 ||     3
       Beef jerky        |       |       |       |     1 ||     1
